 Dungeon Crawl Stone Soup version 0.26-a0-651-gb41185065b (webtiles) character file.

Game seed: 17201489904618169934

44 Mesmaeker13 the Caller (level 3, 0/19 HPs)
             Began as a Deep Elf Summoner on Oct 2, 2020.
             Succumbed to an adder's poison
             ... on level 2 of the Dungeon.
             The game lasted 00:02:42 (2390 turns).

Mesmaeker13 the Caller (Deep Elf Summoner)          Turns: 2390, Time: 00:02:43

Health: 0/19       AC:  3    Str:  5    XL:     3   Next: 39%
Magic:  2/10       EV: 13    Int: 20    God:
Gold:   130        SH:  0    Dex: 15    Spells: 6/9 levels left

rFire    . . .     SeeInvis .   i - +0 dagger
rCold    . . .     Faith    .   (no shield)
rNeg     . . .     Spirit   .   a - +0 robe
rPois    .         Reflect  .   (no helmet)
rElec    .         Harm     .   (no cloak)
rCorr    .         Rampage  .   c - +0 pair of gloves (curse)
MR       .....                  (no boots)
Stlth    ++........             (no amulet)
HPRegen  0.06/turn              (no ring)
MPRegen  0.12/turn              (no ring)

@: lethally poisoned (0 -> -8)
A: no striking features
a: no special abilities


You were on level 2 of the Dungeon.
You visited 1 branch of the dungeon, and saw 2 of its levels.

You collected 130 gold pieces.

Inventory:

Hand Weapons
 i - a +0 dagger (weapon)
Armour
 a - a +0 robe (worn)
 c - a cursed +0 pair of gloves (worn)
Jewellery
 b - a +6 ring of strength {unknown}
Scrolls
 d - 3 scrolls of teleportation {unknown}
 e - a scroll of magic mapping {unknown}
 h - 2 scrolls of identify {unknown}
 j - a scroll of remove curse {unknown}
Potions
 f - 2 potions of stabbing {unknown}
 g - a potion of berserk rage {unknown}
 k - a potion of ambrosia {unknown}
 l - a potion of invisibility {unknown}


   Skills:
 + Level 3.3 Dodging
 - Level 2.4 Stealth
 + Level 3.9 Spellcasting
 + Level 4.9 Summonings


You had 6 spell levels left.
You knew the following spells:

 Your Spells              Type           Power        Failure   Level
a - Summon Small Mammal   Summ           ###.         1%          1
b - Call Imp              Summ           ###.....     2%          2

Your spell library contained the following spells:

 Spells                   Type           Power        Failure   Level
 Call Canine Familiar     Summ           ###.....     4%          3
 Summon Guardian Golem    Hex/Summ       ##......     14%         3
 Summon Ice Beast         Ice/Summ       ##......     43%         4
 Summon Lightning Spire   Summ/Air       ##......     43%         4


Dungeon Overview and Level Annotations

Branches:
Dungeon (2/15)

Altars:


Message History

You feel sick. The adder closely misses you.
Your crimson imp blinks! x2
Unknown command.
You hit the adder but do no damage.
The adder is severely wounded.
Your crimson imp disappears in a puff of smoke!
The adder bites you.
* * * LOW HITPOINT WARNING * * *
You are more poisoned.
The adder poisons you!
You barely miss the adder.
The adder is severely wounded.
* * * LOW HITPOINT WARNING * * *
You feel sick. The adder barely misses you.
Your crimson imp barely misses the adder.
Your crimson imp hits the adder.
The adder dies!
Unknown command.
You swap places.
You die...

####### ###### #)....#
##...... #.....######........
####.......(.......?...
#......................
#......###..##......
##......5.†.........
#..##..5@###.#.....
#.####5.###§.######
####.#≈≈.≈.≈..≈.≈.≈#
#....#...≈..≈≈.≈.≈≈#
##.####.≈≈≈≈≈≈≈≈≈≈....#######
#..####≈≈≈≈≈≈≈≈≈≈≈..#........
#...<....≈≈≈≈≈≈≈≈≈.......##..
#......≈≈≈≈≈..♣≈≈≈≈..........
#........≈≈≈♣_≈≈≈≈..####.....


You could see 3 friendly crimson imps.

Vanquished Creatures
  2 leopard geckos (D:2)
  A giant cockroach (D:1)
  A goblin (D:1)
  3 hobgoblins
  A bat (D:1)
  2 frilled lizards (D:1)
  2 kobolds
  A rat (D:2)
13 creatures vanquished.

Vanquished Creatures (collateral kills)
  An adder (D:2)
  A worm (D:2)
  2 dart slugs
  A leopard gecko (D:2)
  A ball python (D:1)
  A giant cockroach (D:1)
  A goblin (D:1)
  3 hobgoblins (D:1)
  5 jackals
  4 kobolds (D:1)
  A bat (D:2)
  2 frilled lizards
  6 rats (D:1)
29 creatures vanquished.

Grand Total: 42 creatures vanquished

Notes
Turn   | Place    | Note
-------+----------+-------------------------------------------
     0 | D:1      | Mesmaeker13 the Deep Elf Summoner began the quest for the
                  | Orb.
     0 | D:1      | Reached XP level 1. HP: 10/10 MP: 6/6
   421 | D:1      | Reached XP level 2. HP: 8/15 MP: 8/8
  1672 | D:2      | Learned a level 2 spell: Call Imp
  1905 | D:2      | Reached XP level 3. HP: 14/19 MP: 8/10
  2360 | D:2      | Found a faded altar of an unknown god.
  2390 | D:2      | Succumbed to an adder's poison

Illustrated notes

Levels and vault maps discovered:
D:1:      dpeg_arrival_signposts, layout_basic, hangedman_glass_teeth
D:2:      layout_rooms, chequers_ecumenical_altar_island

Skill      XL: |  1  2 |
---------------+-------+-----
Dodging        | 3 |  3.3
Stealth        | |  2.4
Spellcasting   | |  3.9
Summonings     | |  4.9

Action                   || total
-------------------------++-------
Melee: Unarmed           ||    30
       Dagger            ||    80
 Cast: Summon Small Mamm ||    41
       Call Imp          ||     8
 Stab: Sleeping          ||     3
Armor: Robe              ||    36
Dodge: Dodged            ||   121

Table legend: (Time is in decaauts)
 A = Elapsed time spent in this place.
 B = Non-inter-level travel time spent in this place.
 C = Inter-level travel time spent in this place.
 D = Time resting spent in this place.
 E = Time spent auto-exploring this place.
 F = Levels seen in this place.
 G = Mean time per level.
                   A        B        C        D        E       F      G
               +--------+--------+--------+--------+--------+-----+--------+
         Total |   2390 |   2311 |     79 |    623 |   1245 |   2 | 1195.0 |
       Dungeon |   2390 |   2311 |     79 |    623 |   1245 |   2 | 1195.0 |
               +--------+--------+--------+--------+--------+-----+--------+

Top non-repeatable levels by time:
     D:1: 1507 daAuts
     D:2: 883 daAuts
